 Dungeon Crawl Stone Soup version 0.28.0-43-g3370ac3207 (webtiles) character file.

Game seed: 10819913504916678715

79 issech the Cudgeller (level 4, -2/44 HPs)
             Began as a Troll Monk on Mar 29, 2022.
             Killed by divine providence
             ... invoked by an orc priest
              (14 damage)
             ... on level 3 of the Dungeon.
             The game lasted 00:06:43 (1811 turns).

issech the Cudgeller (Troll Monk)                   Turns: 1811, Time: 00:06:43

Health: -2/44      AC:  4    Str: 19    XL:     4   Next: 16%
Magic:  3/3        EV: 10    Int:  6    God:
Gold:   178        SH:  0    Dex: 14    Spells: 3/3 levels left

rFire   . . .      SeeInvis .   a - +0 mace
rCold   . . .      Faith    .   (no shield)
rNeg    + . .      Spirit   .   b - +0 robe
rPois   .          Reflect  .   (helmet restricted)
rElec   .          Harm     .   (no cloak)
rCorr   .          Rampage  .   (gloves unavailable)
Will    .....                   (boots unavailable)
Stlth   ++........              (no amulet)
HPRegen 0.94/turn               e - ring of positive energy
MPRegen 0.08/turn               (no ring)

@: no status effects
A: large, unfitting armour, claws 3, regeneration 1, shaggy fur 1, tough skin 1
a: no special abilities


You were on level 3 of the Dungeon.
You visited 1 branch of the dungeon, and saw 3 of its levels.

You collected 178 gold pieces.

Inventory:

Hand Weapons
 a - a +0 mace (weapon)
Missiles
 c - 52 stones (quivered)
 g - 18 arrows
 i - a throwing net
 l - 25 sling bullets
Armour
 b - a +0 robe (worn)
Jewellery
 e - a ring of positive energy (left claw)
Wands
 n - a wand of mindburst (16)
Scrolls
 f - a scroll of fog {unknown}
 h - a scroll of immolation
 j - a scroll of holy word
 k - 2 scrolls of teleportation
 o - 2 scrolls of enchant armour
 p - a scroll of fear {unknown}
 q - a scroll of torment {unknown}
Potions
 d - a potion of lignification {unknown}
 m - a potion of haste {unknown}


   Skills:
 + Level 2.8 Fighting
 + Level 3.6 Maces & Flails
 + Level 3.0 Dodging
 + Level 1.2 Stealth


You had 3 spell levels left.
You didn't know any spells.
Your spell library was empty.

Dungeon Overview and Level Annotations

Branches:
Dungeon (3/15)

Altars:
Sif Muna


Innate Abilities, Weirdness & Mutations

You are too large for most types of armour.
You have claws for hands.
Your natural rate of healing is unusually fast.
You are covered in fur. (AC +1)
You have tough skin. (AC +1)


Message History

A bat comes into view.
Found a scroll labelled XOCZEM JI GICAAQ.
Found a stone staircase leading down.
The helpless bat fails to defend itself.
You hit the bat.
You kill the bat!
q - a scroll labelled XOCZEM JI GICAAQ An orc and 2 orc priests come into view.
The orc shouts!
The orc priest shouts!
An orc comes into view. It is wielding a +0 mace.
The orc priest calls down the wrath of Beogh upon you.
Beogh smites you!
An orc wizard comes into view. It is wielding a +0 dagger of freezing.
A quokka comes into view.
The orc priest looks satisfied for a moment.
A bat comes into view.
The orc shouts!
The orc priest miscasts a cantrip.
The orc hits you with a +0 short sword.
You completely miss the orc.
The orc wizard gestures wildly while chanting.
The orc wizard flickers and vanishes!
Deactivating autopickup; reactivate with Ctrl-A.
You hit the orc.
The orc is severely wounded.
The orc barely misses you.
You closely miss the orc.
The orc is severely wounded.
The orc hits you with a +0 mace.
You hit the orc.
You kill the orc!
The orc priest looks encouraged for a moment.
You hit the orc but do no damage.
The orc priest calls down the wrath of Beogh upon you.
Beogh smites you! The orc hits you with a +0 short sword.
* * * LOW HITPOINT WARNING * * *
You closely miss the orc. The orc closely misses you.
The orc priest calls down the wrath of Beogh upon you.
Beogh smites you!
You die...

#.# #.#####.##.##
#.# #.##.......#
..# #.##.##.####
### #.##>##.##
##........######
##...............
#.........#######
##...........#
##......###@#
####.### #o# #.#
#b# #.#


o.o #.# .r. #.# ..... #.# ..... #. ....... You could see 2 orc priests, an orc,
a quokka and a bat.

Vanquished Creatures
  A white imp (D:3)
  2 dart slugs
  2 orcs (D:3)
  7 endoplasms
  5 giant cockroaches (D:1)
  4 goblins (D:1)
  6 hobgoblins
  3 jackals (D:1)
  3 quokkas (D:1)
  3 ball pythons
  6 bats
  2 frilled lizards
  11 kobolds
  3 rats
58 creatures vanquished.

Vanquished Creatures (others)
  A fungus (D:1)
  26 plants (D:1)
  5 toadstools (D:1)
32 creatures vanquished.

Grand Total: 90 creatures vanquished

Notes
Turn   | Place    | Note
-------+----------+-------------------------------------------
     0 | D:1      | issech the Troll Monk began the quest for the Orb.
     0 | D:1      | Reached XP level 1. HP: 22/22 MP: 0/0
   107 | D:1      | Reached XP level 2. HP: 29/29 MP: 1/1
   315 | D:1      | Reached XP level 3. HP: 36/36 MP: 2/2
   400 | D:1      | Found a faded altar of an unknown god.
  1635 | D:3      | Found a shimmering blue altar of Sif Muna.
  1685 | D:3      | Reached XP level 4. HP: 44/44 MP: 3/3
  1811 | D:3      | Killed from afar by an orc priest

Illustrated notes

Levels and vault maps discovered:
D:1:      minmay_arrival_radiant_lines, layout_loops_ring,
          shapermc_ecumenical_altar_venn, serial_bayou, serial_bayou_pond_e,
          serial_bayou_pond_b, serial_bayou_lagoon_b, serial_bayou_pond_c,
          serial_bayou_lagoon_a, minmay_gold_behind_fungi,
          ebering_dispersal_statue_hall, minmay_misc_feat_tiny,
          minmay_misc_feat_iff, hangedman_abyss_or_decor_stabs
D:2:      minmay_chambers_of_ones, layout_basic
D:3:      layout_loops_cross, mainiacjoe_overflow_paths

Skill      XL: |  1  2  3 |
---------------+----------+-----
Maces & Flails | 3 |  3.6
Dodging        | 3 |  3.0
Fighting       | |  2.8
Stealth        | |  1.2

Action                   |  1- 3 |  4- 6 || total
-------------------------+-------+-------++-------
Melee: Mace              |   154 |    20 ||   174
       Punch             |     1 |       ||     1
  Use: Scroll            |     4 |       ||     4
 Stab: Sleeping          |     3 |     1 ||     4
Armor: Robe              |    54 |     2 ||    56
Dodge: Dodged            |    77 |     6 ||    83
